 Dungeon Crawl Stone Soup version 0.22.1-6-g1668fe2c40 (webtiles) character file.

113 Gargoyl the Skirmisher (level 4, -5/60 HPs)
             Began as a Centaur Abyssal Knight on Jan 29, 2019.
             Was a Believer of Lugonu.
             Killed by divine providence
             ... invoked by an orc priest
              (15 damage)
             ... on level 3 of the Dungeon.
             The game lasted 00:03:42 (1823 turns).

Gargoyl the Skirmisher (Centaur Abyssal Knight)     Turns: 1823, Time: 00:03:42

Health: -5/60      AC: 10    Str: 19    XL:     4   Next: 65%
Magic:  5/5        EV:  5    Int: 11    God:    Lugonu [**....]
Gold:   152        SH:  2    Dex: 10    Spells: 3/3 levels left

rFire    . . .     SeeInvis .   a - +2 hand axe
rCold    + . .     Gourm    .   (no shield)
rNeg     . . .     Faith    .   d - +2 chain mail {rC+}
rPois    +         Spirit   .   (no helmet)
rElec    .         Reflect  +   (no cloak)
rCorr    .         Harm     .   i - +0 pair of gloves
MR       .....                  (no barding)
Stlth    ..........             j - +2 amulet of reflection
HPRegen  0.20/turn              k - ring of poison resistance
MPRegen  0.09/turn              (no ring)

@: berserking, lethally poisoned (-5 -> -8), very quick
A: large, hooves 3, deformed body, speed 2, tough skin 3
a: Depart the Abyss, Bend Space, Renounce Religion


You were on level 3 of the Dungeon.
You worshipped Lugonu.
Lugonu was pleased with you.
You were not hungry.

You visited 1 branch of the dungeon, and saw 3 of its levels.
You visited the Abyss 1 time.

You collected 152 gold pieces.

Inventory:

Hand Weapons
 a - a +2 hand axe (weapon)
Missiles
 h - 7 javelins (quivered)
Armour
 d - a +2 chain mail of cold resistance (worn)
 i - a +0 pair of gloves (worn)
Jewellery
 j - a +2 amulet of reflection (around neck)
 k - a ring of poison resistance (left hand)
Scrolls
 f - 4 scrolls of teleportation
 m - a scroll of remove curse
Potions
 e - 2 potions of agility {unknown}
 g - a potion of lignification
Comestibles
 c - 4 rations


   Skills:
 + Level 3.6 Fighting
 + Level 2.9 Axes
 * Level 2.0 Armour
 * Level 1.3 Dodging
 * Level 2.5 Invocations


You had 3 spell levels left.
You didn't know any spells.
Your spell library contained the following spells:

 Spells                   Type           Power        Failure   Level  Hunger
 Confusing Touch          Hex            #.....       99%         1    ##.....
 Confuse                  Hex            #.......     100%        3    ####...
 Gell's Gravitas          Tloc           #.........   100%        3    ####...
 Petrify                  Tmut/Erth      #.......     100%        4    #####..
 Metabolic Englaciation   Hex/Ice        #.........   100%        5    ######.
 Yara's Violent Unravell  Hex/Tmut       #.........   100%        5    ######.


Dungeon Overview and Level Annotations

Branches:
Dungeon (3/15)

Altars:
Ashenzari


Innate Abilities, Weirdness & Mutations

You have hooves in place of feet.
Armour fits poorly on your strangely shaped body.
You cover ground very quickly.
You have extremely tough skin. (AC +3)


Message History

It was a potion of berserk rage.
A red film seems to cover your vision as you go berserk!
You feel yourself moving faster!
You feel mighty!
You feel sick.
The jackal bites you but does no damage.
The kobold unwields an uncursed blowgun.
The kobold wields an uncursed falchion.
The kobold hits you but does no damage. You block the jackal's attack.
You slash the kobold!
You kill the kobold!
Lugonu accepts your kill.
You miss the jackal. The jackal bites you.
* * * LOW HITPOINT WARNING * * *
Unknown command.
You hit the jackal. You kick the jackal.
You kill the jackal!
Lugonu accepts your kill.
You hit the jackal.
You feel sick. The jackal barely misses you.
The orc priest calls down the wrath of Beogh upon you.
Beogh smites you!
You die...

###.........##..
##.....................
..).###.....## ........
)÷..# #..##..# ........
..#####......# ..).....
...##........# #r....
....)........# #oo.
.............###†#
......#.####...h@#
..####### #...### ..#
#.#.# ..# ###... ....#
...... ....##.# ..###
.# .


You could see an orc priest, an orc, a jackal and a rat.

Vanquished Creatures
  An orc wizard (D:3)
  Terence (D:2)
  An adder (D:3)
  2 worms (D:2)
  A dart slug (D:1)
  3 leopard geckos
  An orc (D:3)
  2 ball pythons
  5 bats
  4 giant cockroaches
  4 hobgoblins
  2 jackals (D:3)
  6 kobolds
  2 frilled lizards (D:1)
  3 goblins
  7 rats
45 creatures vanquished.

Notes
Turn   | Place    | Note
-------+----------+-------------------------------------------
     0 | Abyss:1  | Gargoyl the Centaur Abyssal Knight began the quest for the
                  | Orb.
     0 | Abyss:1  | Reached XP level 1. HP: 19/19 MP: 2/2
    99 | Abyss:2  | Found a shattered altar of Ashenzari.
   133 | Abyss:2  | Found a corrupted altar of Lugonu.
   182 | Abyss:3  | Noticed a tentacled starspawn
   184 | Abyss:3  | Found a corrupted altar of Lugonu.
   198 | Abyss:3  | Noticed a neqoxec
   214 | D:1      | Escaped the Abyss
   230 | D:1      | Reached * piety under Lugonu
   317 | D:1      | Reached XP level 2. HP: 26/26 MP: 3/3
   378 | D:1      | Reached skill level 1 in Dodging
   895 | D:2      | Found a faded altar of an unknown god.
   934 | D:2      | Reached XP level 3. HP: 31/31 MP: 4/4
   985 | D:2      | Noticed Terence
   988 | D:2      | Killed Terence
  1186 | D:2      | Found a shattered altar of Ashenzari.
  1403 | D:2      | Reached XP level 4. HP: 36/39 MP: 5/5
  1451 | D:2      | Reached ** piety under Lugonu
  1823 | D:3      | Killed from afar by an orc priest

Skill      XL: |  1  2  3  4 |
---------------+-------------+-----
Dodging        | 1 |  1.3
Axes           | 2 |  2.9
Armour         | 2 |  2.0
Fighting       | |  3.6
Invocations    | |  2.5

Action                   |  1- 3 |  4- 6 || total
-------------------------+-------+-------++-------
Melee: Hand axe          |    97 |    43 ||   140
       Kick              |     9 |     4 ||    13
Throw: Javelin           |     1 |       ||     1
Invok: Depart the Abyss  |     1 |       ||     1
  Use: Scroll            |     4 |     3 ||     7
       Potion            |     1 |     1 ||     2
  Eat: Chunk             |       |     2 ||     2
Armor: Chain mail        |    78 |    62 ||   140
Dodge: Dodged            |    18 |    15 ||    33
Block: Other             |       |     2 ||     2
